 Dungeon Crawl Stone Soup version 0.16-a0-3159-ge6ac362 (webtiles) character file.

326 SolCadguy the Insei (level 6, -10/51 HPs)
             Began as a Salamander Transmuter on Mar 1, 2015.
             Mangled by an ogre
             ... wielding a +0 giant spiked club
              (23 damage)
             ... on level 4 of the Dungeon.
             The game lasted 00:23:34 (2872 turns).

SolCadguy the Insei (Salamander Transmuter)         Turns: 2872, Time: 00:23:34

Health: -10/51     AC:  2    Str: 11    XL:     6   Next: 24%
Magic:  8/12       EV: 20    Int: 14    God:
Gold:   223        SH:  0    Dex: 20    Spells: 3 memorised, 4 levels left

rFire  . . .     SeeInvis .       - Unarmed
rCold  . . .     Clarity  .     c - melded +0 robe
rNeg   . . .     SustAb   .     (shield currently unavailable)
rPois  x         Gourm    .     (helmet currently unavailable)
rElec  .         Spirit   .     i - melded +2 cloak
rCorr  .         Warding  .     (gloves currently unavailable)
rMut   .         Stasis   .     (no barding)
MR     .....                    (no amulet)
Stlth  +++.......               y - +1 ring of intelligence
                                e - ring of stealth

@: spider-form (expiring), not resistant to hostile enchantments, fairly
stealthy
A: fiery attack, (slowness 0), (tough skin 0), (cold vulnerability 0)
a: End Transformation


You were on level 4 of the Dungeon.
You were very hungry.
You were a venomous arachnid creature.
You visited 1 branch of the dungeon, and saw 5 of its levels.

You collected 223 gold pieces.

Inventory:

Hand weapons
 h - a +0 spear
 l - a +0 dagger of freezing
 o - a +0 vampiric short sword
 E - a +0 short sword of venom
Missiles
 b - 29 arrows
 f - 20 sling bullets
 s - 12 stones (quivered)
 t - 14 exploding sling bullets
Armour
 c - a +0 robe (melded)
 i - a +2 cloak (melded)
Rods
 G - a +0 iron rod (12/12)
   (You found it on level 4 of the Dungeon)
Jewellery
 e - a ring of stealth (left front leg)
 j - an uncursed ring of stealth
 m - an uncursed ring of protection from magic
 y - a +1 ring of intelligence (right front leg)
Scrolls
 v - 5 scrolls of remove curse
 w - a scroll of immolation {unknown}
 x - a scroll of blinking {unknown}
Potions
 g - 2 potions of brilliance {unknown}
 n - a potion of poison {unknown}
 p - 4 potions of curing
 r - a potion of invisibility {unknown}
 u - 2 potions of resistance {unknown}
 z - a potion of agility {unknown}
 B - a potion of might {unknown}
 D - a potion of flight {unknown}
Books
 d - a book of Changes

   Spells                             Type                      Level
   a - Beastly Appendage              Transmutation                1
   b - Sticks to Snakes               Transmutation                2
   c - Spider Form                    Transmutation/Poison         3
   d - Ice Form                       Ice/Transmutation            4
   e - Blade Hands                    Transmutation                5
 C - a Young Poisoner's Handbook

   Spells                             Type                      Level
   a - Sting                          Conjuration/Poison           1
   b - Cure Poison                    Poison                       2
   c - Mephitic Cloud                 Conjuration/Poison/Air       3
   d - Olgreb's Toxic Radiance        Poison                       4
   e - Venom Bolt                     Conjuration/Poison           5
Comestibles
 a - 5 bread rations
 k - 4 meat rations
 q - a beef jerky
 A - 3 fruits


   Skills:
 - Level 3.0 Fighting
 - Level 2.0 Dodging
 + Level 5.0 Unarmed Combat
 - Level 2.1 Spellcasting
 + Level 3.9 Transmutations
 + Level 2.1 Poison Magic


You had 4 spell levels left.
You knew the following spells:

 Your Spells              Type           Power        Failure   Level  Hunger
a - Beastly Appendage     Trmt           ##....       17%         1    #......
b - Spider Form           Trmt/Pois      ##........   41%         3    ###....
c - Sting                 Conj/Pois      #...         36%         1    #......


Dungeon Overview and Level Annotations

Branches:
Dungeon (5/15)
 Temple: D:4-7

Altars:
Fedhas
Sif Muna
Vehumet
Yredelemnul

Annotations:
D:3 SolCadguy's ghost, average SaFE


Innate Abilities, Weirdness & Mutations

Your melee attacks set your foes ablaze.
You cannot wear boots.
((You cover ground very slowly.))
((You have very tough skin (AC +2).))
((You are vulnerable to cold.))


Message History

You climb upwards.
There is a stone staircase leading down here.
The ogre barely misses you.
Your magical contamination has completely faded away.
Casting: Spider Form
Confirm with . or Enter, or press ? or * to list all spells.
You turn into a venomous arachnid creature.
Your +2 cloak melds into your body.
Your +0 robe melds into your body.
The ogre closely misses you.
You see here a club.
You bite the ogre!
The ogre is poisoned.
The ogre is moderately wounded.
The ogre misses you.
You completely miss the ogre.
The ogre is moderately wounded.
You hit the ogre.
The ogre looks even sicker.
The ogre is heavily wounded.
Your transformation is almost over.
The ogre hits you with a giant spiked club!!
You die...

##.###..#.############...########
#..# #รท...# ##...........<
.#.###....# ##...........##
###...###.## #.........##.#
..######...# ##.......###.# #.#
#...# ##.....####.# ..# #...#
##.........# .## #...#
#########.######## .# #...#
#.sO...).....######
.#######...####.#####.#.##......#
.#.....(............#.#.##......#
........[.............#.........#
.#....................#.##..>...#
.#.###.#...#.##.........##......#
.#.###.#...#.##............######
#...##.#.<.#.###.....##.##.#
.....#.#...#.# ##....#..##)#


You could see an ogre.

Vanquished Creatures
  A phantom (D:4)
  A hound (D:3)
  2 worker ants (D:4)
  A hound skeleton (D:4)
  5 adders
  A giant mite (D:4)
  4 worms
  An adder skeleton (D:4)
  3 giant geckos
  An orc (D:3)
  10 bats
  6 giant cockroaches
  9 goblins
  9 hobgoblins
  5 kobolds
  A quokka (D:4)
  A ball python (D:4)
  3 giant newts (D:1)
  7 rats
71 creatures vanquished.

Notes
Turn   | Place    | Note
--------------------------------------------------------------
     0 | D:1      | SolCadguy, the Salamander Transmuter, began the quest for the Orb.
     0 | D:1      | Reached XP level 1. HP: 16/16 MP: 3/3
   113 | D:1      | Reached XP level 2. HP: 4/23 MP: 5/5
   496 | D:1      | Reached skill level 4 in Unarmed Combat
   737 | D:1      | Reached XP level 3. HP: 28/28 MP: 7/7
  1067 | D:2      | Found a blossoming altar of Fedhas.
  1224 | D:2      | Found a radiant altar of Vehumet.
  1224 | D:2      | Found a basalt altar of Yredelemnul.
  1225 | D:2      | Found a deep blue altar of Sif Muna.
  1246 | D:2      | Reached XP level 4. HP: 28/35 MP: 8/8
  1380 | D:3      | Noticed SolCadguy's ghost (average SaFE)
  1775 | D:3      | Reached skill level 5 in Unarmed Combat
  1784 | D:3      | Learned a level 3 spell: Spider Form
  2111 | D:4      | Reached XP level 5. HP: 33/41 MP: 9/11
  2168 | D:4      | Learned a level 1 spell: Sting
  2172 | D:4      | Noticed a phantom
  2188 | D:4      | Killed a phantom
  2188 | D:4      | Reached skill level 1 in Poison Magic
  2377 | D:4      | Reached XP level 6. HP: 50/50 MP: 10/12
  2800 | D:5      | Entered Level 5 of the Dungeon
  2872 | D:4      | Mangled by an ogre

Action                   |  1- 3 |  4- 6 || total
-------------------------+-------+-------++-------
Melee: Unarmed           |   117 |   160 ||   277
       Dagger            |       |     5 ||     5
Throw: Stone             |     4 |     1 ||     5
 Cast: Beastly Appendage |    15 |    19 ||    34
       Sting             |       |     8 ||     8
       Spider Form       |       |     2 ||     2
  Use: Scroll            |     2 |     1 ||     3
       Potion            |     1 |       ||     1
 Stab: Sleeping          |     8 |     4 ||    12
       Distracted        |       |     1 ||     1
  Eat: Chunk             |     1 |     4 ||     5
       Pizza             |       |     1 ||     1
